 Dungeon Crawl Stone Soup version 0.30-a0-422-g946f4849ff (webtiles) character file.

Game seed: 7619589502501461800

67 McMuffin the Poker (level 4, -2/34 HPs)
             Began as a Merfolk Gladiator on Dec 8, 2022.
             Slain by an orc
             ... wielding a +0 hand axe
              (4 damage)
             ... on level 3 of the Dungeon.
             The game lasted 00:06:06 (801 turns).

McMuffin the Poker (Merfolk Gladiator)               Turns: 801, Time: 00:06:07

Health: -2/34      AC: 13    Str: 16    XL:     4   Next: 18%
Magic:  4/4        EV:  6    Int:  7    God:
Gold:   69         SH:  0    Dex: 15    Spells: 3/3 levels left

rFire   . . .      SeeInvis .    a - +0 trident
rCold   . . .      Faith    .    (no shield)
rNeg    . . .      Spirit   .    i - +0 plate armour
rPois   .          Reflect  .    c - +0 helmet
rElec   .          Harm     .    (no cloak)
rCorr   .          Rampage  .    n - +0 pair of gloves
Will    .....                    o - +0 pair of boots
Stlth   ..........               (no amulet)
HPRegen 0.25/turn                (no ring)
MPRegen 0.09/turn                (no ring)

@: lethally poisoned (-2 -> -4)
A: (nimble swimmer 2), mertail
a: no special abilities


You were on level 3 of the Dungeon.
You visited 1 branch of the dungeon, and saw 3 of its levels.

You collected 69 gold pieces.

Inventory:

Hand Weapons
 a - a +0 trident (weapon)
Missiles
 d - 2 throwing nets (quivered)
 e - a javelin
Armour
 b - a +0 leather armour
 c - a +0 helmet (worn)
 i - a +0 plate armour (worn)
 n - a +0 pair of gloves (worn)
 o - a +0 pair of boots (worn)
Scrolls
 g - 2 scrolls of identify {unknown}
 h - a scroll of enchant armour {unknown}
 k - a scroll of immolation {unknown}
 l - a scroll of teleportation {unknown}
 p - a scroll of vulnerability {unknown}
 q - a scroll of magic mapping {unknown}
 r - a scroll of enchant weapon {unknown}
Potions
 f - 3 potions of heal wounds {unknown}
 j - a potion of brilliance {unknown}
 m - a potion of might {unknown}


   Skills:
 + Level 2.7 Fighting
 + Level 5.0 Polearms
 + Level 2.1 Throwing
 + Level 0.7 Armour
 + Level 4.8 Dodging


You had 3 spell levels left.
You didn't know any spells.
Your spell library was empty.

Dungeon Overview and Level Annotations

Branches:
Dungeon (3/15)

Altars:
Kikubaaqudgha

Shops:
D:2 *


Innate Abilities, Weirdness & Mutations

((You are very nimble when in or above water. (Stealth+, EV+, Speed+++)))
Your lower body shifts to a powerful aquatic tail in water.


Message History

You feel sick. The orc hits you but does no damage. The orc barely misses you.
The orc wizard hits you but does no damage.
You hit the orc wizard.
The orc wizard is almost dead.
You feel sick.
The orc wizard hits you with a +0 dagger.
The orc hits you with a +0 hand axe.
A kobold comes into view. It is wielding a +0 short sword.
The orc hits you with a +2 hand axe of venom.
The kobold shouts!
You hit the orc wizard.
You kill the orc wizard!
You feel sick. The orc barely misses you. The orc hits you but does no damage.
You are lethally poisoned!
The quokka bites you but does no damage.
Your Polearms skill increases to level 5!
You have reached level 4!
The orc attacks as you move away! The orc hits you but does no damage.
The quokka attacks as you move away!
The quokka bites you but does no damage.
* * * LOW HITPOINT WARNING * * *
You feel sick.
You completely miss the orc.
* * * LOW HITPOINT WARNING * * *
You feel sick.
You puncture the orc!
The orc is almost dead.
* * * LOW HITPOINT WARNING * * *
You feel sick. The orc hits you but does no damage. The orc barely misses you.
You barely miss the orc.
The orc is almost dead.
* * * LOW HITPOINT WARNING * * *
You feel sick. The orc barely misses you. The orc completely misses you.
The orc hits you but does no damage. The orc hits you with a +0 hand axe.
* * * LOW HITPOINT WARNING * * *
You hit the orc.
You kill the orc!
* * * LOW HITPOINT WARNING * * *
You feel sick. The orc hits you with a +0 hand axe.
You die...

...#####....# ..#
...####..#.# ##.##
..†....)...# ##...## #
...######..###.....##.
...######.#.#...)....
.#........##.#>.K..#
.###########.##wo.#
.....>.......###r#
###.# #....o@# #.#
#.####.# #.# #.# #...
#.# #.# #####
###.#####.#.#
..........#.#
###.#######.# #†# #.#
#.# #.#


You could see a worm, 2 orcs, a quokka and a kobold.

Vanquished Creatures
  An orc wizard (D:3)
  An adder (D:2)
  2 dart slugs
  An orc (D:3)
  An endoplasm (D:2)
  A goblin (D:2)
  3 hobgoblins
  6 jackals (D:2)
  3 kobolds
  3 quokkas
  2 ball pythons
  A bat (D:1)
  3 frilled lizards
  2 rats (D:1)
30 creatures vanquished.

Notes
Turn   | Place    | Note
-------+----------+-------------------------------------------
     0 | D:1      | McMuffin the Merfolk Gladiator began the quest for the Orb.
     0 | D:1      | Reached XP level 1. HP: 16/16 MP: 1/1
   177 | D:1      | Reached XP level 2. HP: 21/23 MP: 2/2
   223 | D:1      | Found a faded altar of an unknown god.
   327 | D:1      | You fall into a shaft and drop 1 floor!
   366 | D:2      | Reached XP level 3. HP: 28/28 MP: 3/3
   545 | D:2      | Found an ancient bone altar of Kikubaaqudgha.
   643 | D:2      | Found Kethra's Assorted Antiques.
   797 | D:3      | Reached skill level 5 in Polearms
   797 | D:3      | Reached XP level 4. HP: 9/34 MP: 4/4
   801 | D:3      | Slain by an orc

Illustrated notes

Levels and vault maps discovered:
D:1:      scummos_arrival_simple_fountains, layout_rooms,
          hellmonk_ecumenical_altar_crossroads, serial_glass, glass_columns_a,
          glass_columns_a
D:2:      layout_basic, serial_shops, nicolae_shop_statue_plus, basic_altar,
          kennysheep_generic_room_13
D:3:      layout_loops_ring, amcnicky_altar_gilded, cheibrodos_sewer_entry_bend,
          feat_on_display

Skill      XL: |  1  2  3 |
---------------+----------+-----
Polearms       | 5 |  5.0
Fighting       | |  2.7
Throwing       | |  2.1
Armour         | |  0.7
Dodging        | |  4.8

Action                   |  1- 3 |  4- 6 || total
-------------------------+-------+-------++-------
Melee: Trident           |   116 |     4 ||   120
Throw: Throwing net      |     1 |       ||     1
Armor: Plate armour      |   104 |     4 ||   108
       Leather armour    |     3 |       ||     3
Dodge: Dodged            |    38 |     3 ||    41

Table legend: (Time is in decaauts)
 A = Elapsed time spent in this place.
 B = Non-inter-level travel time spent in this place.
 C = Inter-level travel time spent in this place.
 D = Time resting spent in this place.
 E = Time spent auto-exploring this place.
 F = Levels seen in this place.
 G = Mean time per level.
                   A        B        C        D        E       F      G
               +--------+--------+--------+--------+--------+-----+--------+
         Total |    809 |    809 |      0 |      0 |      0 |   3 |  269.7 |
       Dungeon |    809 |    809 |      0 |      0 |      0 |   3 |  269.7 |
               +--------+--------+--------+--------+--------+-----+--------+

Top non-repeatable levels by time:
     D:2: 357 daAuts
     D:1: 329 daAuts
     D:3: 122 daAuts
